[Event "*** SCC Grand Prix: Titled Tuesday Blitz"]
[Site "Chess.com"]
[Date "2020.06.02"]
[Round "3"]
[White "vladislavkovalev"]
[Black "seorobert1971"]
[Result "1-0"]
[WhiteElo "2875"]
[BlackElo "2641"]
[TimeControl "180+1"]
[EndTime "10:31:53 PDT"]
[Termination "vladislavkovalev won by resignation"]

1. e4 e6 2. d4 d5 3. Bd3 dxe4 4. Bxe4 Nf6 5. Bf3 Nbd7 6. Ne2 c5 7. Be3 Qc7 8. Nbc3 a6 9. O-O cxd4 10. Nxd4 Bb4 11. Ne4 Nxe4 12. Bxe4 Nf6 13. Bf3 Bd6 14. g3 O-O 15. Bg2 e5 16. Nb3 Be6 17. h3 Rad8 18.
Bg5 Be7 19. Qf3 Bd5 20. Qc3 Qxc3 21. bxc3 Bxg2 22. Kxg2 Rc8 23. Rfe1 e4 24. Nd2 Rxc3 25. Nxe4 Rxc2 26. Nxf6+ Bxf6 27. Bxf6 gxf6 28. a4 Rd8 29. Re4 Rb8 30. Rd1 b5 31. axb5 axb5 32. Rd7 b4 33. Ree7 Rf8 34. Rb7 Rc6 35. Rxb4 Re6 36. Rg4+ Kh8 37.
Rd7 h6 38. h4 Kh7 39. Kf3 Kh8 40. Rc4 Kh7 41. Kf4 Re2 42. Kf3 Re6 43. g4 Kg7 44. Kf4 Re2 45. f3 Re6 46. Rb7 Rfe8 47. Rcc7 Rf8 48.
Ra7 Rb6 49. Ra5 Rb4+ 50. Kg3 Rb6 51. h5 Re6 52. Rb5 Ra6 53. Rbb7 Re6 54. Rd7 Ra6 55.
Rbc7 Re6 56. Rc4 Ra6 57. Re4 Rb6 58. Rc7 Rd6 59. Kf4 Ra6 60. Rd4 Ra3 61. Rd6 Ra4+ 62.
Kg3 Ra5 63. Rcc6 f5 64. Rxh6 fxg4 65. fxg4 Ra3+ 66. Kh4 Ra5 67. Rhd6 Rb5 68. Rc7 Ra5 69. Rg6+ Kh7 70. Rg5 Rxg5 71. Kxg5 Kg7 72. Kf5 Ra8 73. Re7 Ra5+ 74. Re5 Ra1 75. g5 Rf1+ 76. Kg4 Rg1+ 77. Kf4 Rf1+ 78. Kg3 Rg1+ 79. Kh2 Rg4 80. Kh3 Rg1 81. Rf5 Kg8 82. h6 Kh8 83. Kh4 Kg8 84. Rf4 Rh1+ 85. Kg4 Rg1+ 86. Kf5 Ra1 87. Re4 Ra5+ 88.
Kg4 Ra1 89. Rd4 Ra8 90. Rd6 Rb8 91. Kf5 Rb1 92. Rd8+ Kh7 93. Rd4 Rb6 94. Rd5 Ra6 95. Re5 Rb6 96. Re7 Kg8 97. Re8+ Kh7 98. Rf8 Rb5+ 99. Kf6 Rf5+ 100. Kxf5 1-0

[Event "*** SCC Grand Prix: Titled Tuesday Blitz"]
[Site "Chess.com"]
[Date "2020.06.02"]
[Round "3"]
[White "OK97"]
[Black "nikitakhoroshev"]
[Result "1/2-1/2"]
[WhiteElo "2759"]
[BlackElo "2447"]
[TimeControl "180+1"]
[EndTime "10:32:09 PDT"]
[Termination "Game drawn by agreement"]

1. Nf3 Nf6 2. c4 e6 3. g3 d5 4.
Bg2 Be7 5. d4 O-O 6. Nc3 b6 7.
cxd5 exd5 8. O-O Bb7 9. Bf4 Na6 10. Rc1 c5 11. Ne5 Ne4 12. Nxe4 dxe4 13. dxc5 Nxc5 14. Bh3 Qxd1 15. Rfxd1 Rfd8 16. b4 Ne6 17. Bxe6 fxe6 18. Rxd8+ Bxd8 19. Rd1 Bd5 20. a3 Rc8 21. Ng4 Bf6 22.
Ne3 Rd8 23. h4 Rd7 24. g4 g6 25. g5 Bb2 26. Nc4 Bg7 27. Ne5 Bxe5 28. Bxe5 Kf7 29. Rc1 Bb3 30. Rc8 Ke7 31. Rh8 Bc4 32. Rxh7+ Ke8 33. Rh8+ Kf7 34. e3 Be2 35. Rh7+ Ke8 36.
Rh8+ Kf7 37. Rh7+ Ke8 38. Rxd7 Kxd7 39. Kg2 Bf3+ 40. Kg3 Kc6 41. Kf4 a5 42. bxa5 bxa5 43.
Bc3 a4 44. Ke5 Kd7 45. Kf6 Bh5 46. Bb4 Kc6 47. Ke5 Kb5 48. Kxe4 Kc6 49. Ke5 Kd7 50. Kf4 Kc6 51. Ke4 Kd7 52. Kd4 Bf3 53. Bf8 Ke8 54. Bc5 Kf7 55. Kc3 Bd1 56. Kb4 Bb3 57. Bd4 Bd1 58. Be5 Bb3 59. Kc5 Bc2 60. Kd4 Bd1 61.
Ke4 Bc2+ 62. Kf4 Bd1 63. f3 Be2 64. Bb2 Bd1 65. e4 Be2 66. Ke3 Bd1 67. Bc3 Ke7 68.
Bb4+ Kf7 69. Kf2 Kg7 70. Kg3 Kf7 71. Kg4 Kg7 72. Kf4 Kf7 73. Bd2 Kg7 74. Ke3 Kf7 75. Bc1 Kg7 76. Bb2+ Kf7 77. Ba1 Ke7 78. Kf2 Kf7 79.
Kg3 Ke7 80. h5 gxh5 81. g6 h4+ 82. Kg4 h3 83. Be5 h2 84. Bxh2 Kf6 85. Kf4 Kxg6 86. Ke3 Kf7 87. f4 Bc2 88. Kd4 Ke7 89. Ke5 Kf7 90.
Bg3 Ke7 91. Bh4+ Kf7 92. Bg5 Bb1 93. Bd8 Bc2 94. Ba5 Bb1 95. Bb4 Bc2 96. Kd4 Bb1 97. Ke5 Bc2 98. f5 exf5 99. Kxf5 Bb1 100. Ke5 Bc2 101. Kd5 Ke8 102. e5 Bb3+ 103. Kd6 Bd1 104. e6 Bb3 105. e7 Bd1 106. Kc7 Bb3 107. Kb6 Bd1 108. Ka5 Bb3 109. Ka6 Bd1 110. Kb6 Bb3 111. Kb5 Bd1 112. Ka5 1/2-1/2

[Event "*** SCC Grand Prix: Titled Tuesday Blitz"]
[Site "Chess.com"]
[Date "2020.06.02"]
[Round "4"]
[White "fischercapa"]
[Black "amelia91"]
[Result "1-0"]
[WhiteElo "2366"]
[BlackElo "1958"]
[TimeControl "180+1"]
[EndTime "10:34:05 PDT"]
[Termination "fischercapa won by resignation"]

1. e4 c5 2. Nf3 d6 3. d4 cxd4 4. Nxd4 Nf6 5. Nc3 Nc6 6. Bc4 e6 7. Bb3 Be7 8. Be3 a6 9. Qe2 Qc7 10. O-O-O O-O 11. g4 e5 12. Nf5 b5 13. g5 Bxf5 14.
gxf6 1-0

[Event "*** SCC Grand Prix: Titled Tuesday Blitz"]
[Site "Chess.com"]
[Date "2020.06.02"]
[Round "4"]
[White "Storchnoi"]
[Black "PetrolulSah"]
[Result "1-0"]
[WhiteElo "2040"]
[BlackElo "2222"]
[TimeControl "180+1"]
[EndTime "10:34:05 PDT"]
[Termination "Storchnoi won by resignation"]

1. d4 d5 2. c4 e6 3. Nc3 Nf6 4. Bg5 Ke7 5. e4 c6 6. e5 h6 7. exf6+ gxf6 8. Bh4 Bg7 9. Nf3 Nd7 10. Bd3 Qb6 11.
cxd5 cxd5 12. O-O Nf8 13. Qe2 Ng6 14. Nxd5+ 1-0

[Event "*** SCC Grand Prix: Titled Tuesday Blitz"]
[Site "Chess.com"]
[Date "2020.06.02"]
[Round "4"]
[White "WelshTiger"]
[Black "pedro_nascimento85"]
[Result "1-0"]
[WhiteElo "2362"]
[BlackElo "1931"]
[TimeControl "180+1"]
[EndTime "10:34:09 PDT"]
[Termination "WelshTiger won by resignation"]

1. e4 e6 2. d4 d5 3. Nd2 c5 4. exd5 Qxd5 5. dxc5 Bxc5 6. Ngf3 Nf6 7. Bc4 Qd8 8. O-O O-O 9. Qe2 a6 10. Ne4 Be7 11. Bd3 b5 12. Nxf6+ Bxf6 13. Qe4 1-0

[Event "*** SCC Grand Prix: Titled Tuesday Blitz"]
[Site "Chess.com"]
[Date "2020.06.02"]
[Round "4"]
[White "luizwas"]
[Black "AlexandraBotez"]
[Result "0-1"]
[WhiteElo "1847"]
[BlackElo "2195"]
[TimeControl "180+1"]
[EndTime "10:34:12 PDT"]
[Termination "AlexandraBotez won by resignation"]

1. e4 e6 2. d4 d5 3. exd5 exd5 4. Bd3 c5 5. dxc5 Bxc5 6. Nf3 Nf6 7. Bg5 O-O 8. Nc3 Qb6 9. Qd2 Re8+ 10. Kd1 Bxf2 11. Bxf6 gxf6 12. Qh6 f5 13. Ng5 Qxh6 0-1

[Event "*** SCC Grand Prix: Titled Tuesday Blitz"]
[Site "Chess.com"]
[Date "2020.06.02"]
[Round "4"]
[White "djano"]
[Black "Mimsychess"]
[Result "0-1"]
[WhiteElo "2425"]
[BlackElo "2266"]
[TimeControl "180+1"]
[EndTime "10:34:27 PDT"]
[Termination "Mimsychess won by resignation"]

1. d4 Nf6 2. Nf3 c5 3. c3 e6 4. Bf4 d5 5. e3 Bd6 6. Bg3 O-O 7. Nbd2 b6 8. Ne5 Bb7 9. Bd3 Ne4 10. Nxe4 dxe4 11. Bc2 f6 12. dxc5 Bxe5 13. Qg4 f5 0-1

[Event "*** SCC Grand Prix: Titled Tuesday Blitz"]
[Site "Chess.com"]
[Date "2020.06.02"]
[Round "4"]
[White "abykhovsky"]
[Black "x-0414717230"]
[Result "1-0"]
[WhiteElo "2792"]
[BlackElo "2607"]
[TimeControl "180+1"]
[EndTime "10:34:28 PDT"]
[Termination "abykhovsky won by resignation"]

1. d4 Nf6 2. Nf3 b6 3. Bg5 Bb7 4. e3 e6 5. c4 Be7 6. Bd3 O-O 7.
Nc3 d5 8. O-O Nbd7 9. cxd5 exd5 10. Qc2 h6 11. Bh4 c5 12. Rad1 Rc8 13. Ne5 Nxe5 14.
dxe5 Nd7 15. Bg3 Kh8 16. Bf5 g6 17. Bh3 Bh4 18. Bxh4 Qxh4 19. Bxd7 1-0

[Event "*** SCC Grand Prix: Titled Tuesday Blitz"]
[Site "Chess.com"]
[Date "2020.06.02"]
[Round "4"]
[White "ElGasanov"]
[Black "Tenamu"]
[Result "1-0"]
[WhiteElo "2736"]
[BlackElo "2355"]
[TimeControl "180+1"]
[EndTime "10:34:38 PDT"]
[Termination "ElGasanov won by resignation"]

1. d4 Nf6 2. Nf3 e6 3. Bg5 c5 4. e3 b6 5. d5 h6 6. Bxf6 Qxf6 7. Nc3 e5 8. Nb5 Na6 9. Nd2 d6 10. c3 Qd8 11. Qa4 Qd7 12. Nxd6+ Bxd6 13. Bb5 1-0

[Event "*** SCC Grand Prix: Titled Tuesday Blitz"]
[Site "Chess.com"]
[Date "2020.06.02"]
[Round "4"]
[White "2346PL"]
[Black "Alexander_Moskalenko"]
[Result "0-1"]
[WhiteElo "2452"]
[BlackElo "2825"]
[TimeControl "180+1"]
[EndTime "10:35:00 PDT"]
[Termination "Alexander_Moskalenko won by resignation"]

1. d4 c5 2. c3 d5 3. Nf3 Nc6 4. Bf4 Bg4 5. e3 Qb6 6. Qb3 c4 7. Qxb6 axb6 8. Na3 Bxf3 9. gxf3 e5 10. Nb5 Ra5 11. Nc7+ Kd7 12. dxe5 Kxc7 13. e6+ Bd6 14. exf7 Nf6 15. Bxd6+ Kxd6 16. e4 Rf8 17. exd5 Ne5 18. f4 Ng6 19. Bxc4 Nxf4 20. O-O-O b5 21. Bb3 Rxf7 22.
Rd4 Ne2+ 0-1

[Event "*** SCC Grand Prix: Titled Tuesday Blitz"]
[Site "Chess.com"]
[Date "2020.06.02"]
[Round "4"]
[White "PavlovDanila"]
[Black "chessablanca"]
[Result "0-1"]
[WhiteElo "2617"]
[BlackElo "2449"]
[TimeControl "180+1"]
[EndTime "10:35:12 PDT"]
[Termination "chessablanca won by resignation"]

1. e4 e5 2. Nf3 Nc6 3. Bb5 a6 4.
Bxc6 dxc6 5. O-O f6 6. d4 exd4 7. Nxd4 Bd6 8. Nc3 Ne7 9. Be3 O-O 10. Qe2 c5 11. Nb3 b6 12. Rad1 Qe8 13. Rfe1 Qg6 14. Qf3 Bg4 0-1

[Event "*** SCC Grand Prix: Titled Tuesday Blitz"]
[Site "Chess.com"]
[Date "2020.06.02"]
[Round "4"]
[White "Ati1517"]
[Black "Nafania1"]
[Result "0-1"]
[WhiteElo "2222"]
[BlackElo "2438"]
[TimeControl "180+1"]
[EndTime "10:35:19 PDT"]
[Termination "Nafania1 won by resignation"]

1. d4 Nf6 2. c4 e6 3. Nc3 Bb4 4.
Qc2 O-O 5. Bg5 c5 6. e3 cxd4 7. exd4 d5 8. cxd5 exd5 9. Nf3 Re8+ 10. Ne5 Nc6 11. O-O-O Bxc3 12. Nxc6 Bxb2+ 13. Kxb2 bxc6 14. Bd3 Qb6+ 15. Qb3 Qxd4+ 16. Kc1 Qc5+ 17. Bc2 Bf5 0-1

[Event "*** SCC Grand Prix: Titled Tuesday Blitz"]
[Site "Chess.com"]
[Date "2020.06.02"]
[Round "4"]
[White "MartinCerveny"]
[Black "snap_man"]
[Result "1-0"]
[WhiteElo "2464"]
[BlackElo "2293"]
[TimeControl "180+1"]
[EndTime "10:35:28 PDT"]
[Termination "MartinCerveny won by resignation"]

1. d4 d5 2. c4 c6 3. Nf3 Nf6 4.
e3 e6 5. Nbd2 Bd6 6. Bd3 O-O 7. e4 dxe4 8. Nxe4 Nxe4 9. Bxe4 Nd7 10.
O-O Nf6 11. Bc2 h6 12. c5 Be7 13. Bf4 Nd5 14. Bg3 b6 15. Ne5 Bb7 16. Qd3 Nf6 17. Bh4 g5 18. Ng4 Kg7 19. Nxf6 Kxf6 20. Bg3 1-0

[Event "*** SCC Grand Prix: Titled Tuesday Blitz"]
[Site "Chess.com"]
[Date "2020.06.02"]
[Round "4"]
[White "CrazyMartian"]
[Black "M1711"]
[Result "0-1"]
[WhiteElo "2294"]
[BlackElo "2468"]
[TimeControl "180+1"]
[EndTime "10:35:33 PDT"]
[Termination "M1711 won by resignation"]

1. d4 Nf6 2. Bf4 d5 3. e3 c5 4. c3 Nc6 5. Nd2 e6 6. Ngf3 cxd4 7. exd4 Nh5 8. Be3 Bd6 9. Bd3 Nf4 10. Bxf4 Bxf4 11. O-O O-O 12. g3 Bc7 13. Re1 f6 14. Rc1 e5 15. dxe5 fxe5 16. Be2 e4 17. Nd4 Qf6 18. Rf1 Nxd4 19. cxd4 Bb6 20. Nb3 Bh3 21. Nc5 Bxf1 22. Qxf1 Qxd4 23. Ne6 Qxf2+ 24. Qxf2 Rxf2 0-1

[Event "*** SCC Grand Prix: Titled Tuesday Blitz"]
[Site "Chess.com"]
[Date "2020.06.02"]
[Round "4"]
[White "Radzio1987"]
[Black "oykuince"]
[Result "1-0"]
[WhiteElo "2894"]
[BlackElo "2087"]
[TimeControl "180+1"]
[EndTime "10:35:34 PDT"]
[Termination "Radzio1987 won by resignation"]

1. c4 e5 2. Nc3 Nf6 3. Nf3 Nc6 4. a3 d6 5. b4 Be6 6. e3 h6 7. Bb2 Qd7 8. d3 Be7 9. Be2 g5 10. Nd2 h5 11. Nde4 Nxe4 12. dxe4 g4 13. Nd5 Rg8 14. Qc2 f5 15. exf5 Bxf5 16. Bd3 e4 17. Bxe4 Bxe4 18. Qxe4 1-0

[Event "*** SCC Grand Prix: Titled Tuesday Blitz"]
[Site "Chess.com"]
[Date "2020.06.02"]
[Round "4"]
[White "thedjoker98"]
[Black "ItsCheckM8Mate"]
[Result "1-0"]
[WhiteElo "2450"]
[BlackElo "2268"]
[TimeControl "180+1"]
[EndTime "10:35:35 PDT"]
[Termination "thedjoker98 won by resignation"]

1. d4 Nf6 2. c4 e6 3. Nc3 Bb4 4. g3 d5 5. Nf3 O-O 6. Bg2 dxc4 7. O-O c5 8. dxc5 Qe7 9. Qd6 Bxc5 10. Qxe7 Bxe7 11. Ne5 Nc6 12. Nxc6 bxc6 13. Bxc6 Rb8 14.
Rd1 a6 15. Rb1 e5 16. Bg5 Bf5 17. e4 Bg4 18. Rd2 Ba3 19. bxa3 1-0

[Event "*** SCC Grand Prix: Titled Tuesday Blitz"]
[Site "Chess.com"]
[Date "2020.06.02"]
[Round "4"]
[White "zajka-molotok"]
[Black "biaf13"]
[Result "1-0"]
[WhiteElo "2379"]
[BlackElo "2003"]
[TimeControl "180+1"]
[EndTime "10:35:47 PDT"]
[Termination "zajka-molotok won by resignation"]

1. c4 c5 2. g3 Nf6 3. Bg2 d5 4. cxd5 Nxd5 5. Nc3 Nc7 6. Nf3 Nc6 7. O-O e5 8. d3 Be7 9. Bd2 O-O 10. Rc1 Bd7 11. Ne4 b6 12. Bc3 f5 13. Ned2 Bd6 14. Nc4 Qe7 15.
Nxd6 Qxd6 16. Nd2 Rae8 17. Nc4 Qf6 18. f4 Nd4 19. e3 Nc6 20. Nxe5 Nxe5 21. Bxe5 Qd8 22. d4 cxd4 23. Bxc7 1-0

[Event "*** SCC Grand Prix: Titled Tuesday Blitz"]
[Site "Chess.com"]
[Date "2020.06.02"]
[Round "4"]
[White "bratkoo"]
[Black "Chess2019Player"]
[Result "1-0"]
[WhiteElo "2419"]
[BlackElo "2184"]
[TimeControl "180+1"]
[EndTime "10:35:51 PDT"]
[Termination "bratkoo won by resignation"]

1. e4 e6 2. d4 d5 3. Nc3 Bb4 4. e5 c5 5. a3 Bxc3+ 6. bxc3 Qa5 7. Bd2 Qa4 8. Nf3 Nc6 9. h4 Nge7 10. h5 Bd7 11. h6 g6 12. Qb1 O-O-O 13. Bb5 Qa5 14. a4 c4 15. Bxc6 Bxc6 16. Bg5 Rde8 17. Qb4 Qc7 18.
Bf6 Rhg8 19. Ng5 Nf5 20. g4 Ne7 21. Nxh7 Kb8 22. Ng5 Nc8 23. h7 1-0

[Event "*** SCC Grand Prix: Titled Tuesday Blitz"]
[Site "Chess.com"]
[Date "2020.06.02"]
[Round "4"]
[White "albano87"]
[Black "quesfr"]
[Result "1-0"]
[WhiteElo "2446"]
[BlackElo "2261"]
[TimeControl "180+1"]
[EndTime "10:35:54 PDT"]
[Termination "albano87 won by resignation"]

1. Nf3 Nf6 2. g3 g6 3. Bg2 Bg7 4. O-O O-O 5. d4 d5 6. c4 c6 7. cxd5 cxd5 8. Nc3 Ne4 9. Nxe4 dxe4 10. Ng5 f5 11. Qb3+ e6 12. Nxe6 Bxe6 13. Qxe6+ Kh8 14. e3 Nc6 15. Bd2 Re8 16. Qb3 Ne7 17. Rac1 b6 18. Bb4 Nd5 19. Ba3 Qd7 20. Rc2 h5 21. Rfc1 Kh7 22. Rc6 Bh6 23. Rd6 1-0

[Event "*** SCC Grand Prix: Titled Tuesday Blitz"]
[Site "Chess.com"]
[Date "2020.06.02"]
[Round "4"]
[White "kot60"]
[Black "checkmatequen"]
[Result "1-0"]
[WhiteElo "2447"]
[BlackElo "2264"]
[TimeControl "180+1"]
[EndTime "10:35:55 PDT"]
[Termination "kot60 won by resignation"]

1. e4 c5 2. Nc3 e6 3. Bc4 a6 4. a4 Nc6 5. d3 Nf6 6. Nge2 d5 7. exd5 exd5 8. Bb3 Bd6 9. Bg5 d4 10. Ne4 Be7 11.
Bxf6 Bxf6 12. O-O Be7 13. f4 O-O 14. f5 Bd6 15. f6 g6 16. Qd2 Re8 17. Qh6 Bf8 18.
Bxf7+ Kh8 19. Qh4 Re5 20. Bxg6 Qc7 21. f7 h6 22. Qf6+ 1-0

[Event "*** SCC Grand Prix: Titled Tuesday Blitz"]
[Site "Chess.com"]
[Date "2020.06.02"]
[Round "4"]
[White "Malysch"]
[Black "gahryman"]
[Result "1-0"]
[WhiteElo "2515"]
[BlackElo "2687"]
[TimeControl "180+1"]
[EndTime "10:35:58 PDT"]
[Termination "Malysch won by resignation"]

1. d4 Nf6 2. c4 g6 3. g3 Bg7 4.
Bg2 O-O 5. Nf3 d6 6. O-O c6 7.
Nc3 Bf5 8. Ne1 Be6 9. d5 cxd5 10. cxd5 Bd7 11. Nf3 a5 12. Nd4 Na6 13. h3 Nc5 14. Be3 a4 15. Rc1 Qa5 16. Qd2 Rfc8 17. Rfd1 Qb4 18.
Kh2 h5 19. Kg1 Be8 20. Kh2 1-0

[Event "*** SCC Grand Prix: Titled Tuesday Blitz"]
[Site "Chess.com"]
[Date "2020.06.02"]
[Round "4"]
[White "Muracle"]
[Black "Colombiano07"]
[Result "1-0"]
[WhiteElo "2596"]
[BlackElo "2334"]
[TimeControl "180+1"]
[EndTime "10:36:00 PDT"]
[Termination "Muracle won by resignation"]

1. d4 d5 2. c4 Bf5 3. Nc3 e6 4.
cxd5 exd5 5. Qb3 Nc6 6. Nf3 Bb4 7. a3 Bxc3+ 8. bxc3 Rb8 9. g3 Nf6 10. Bg2 O-O 11.
O-O Na5 12. Qa2 Nc4 13. Bf4 Ne4 14. Rac1 Re8 15. h4 Qd7 16. Ne5 Nxe5 17. Bxe5 f6 18. Bf4 b5 19. f3 g5 20. fxe4 1-0

[Event "*** SCC Grand Prix: Titled Tuesday Blitz"]
[Site "Chess.com"]
[Date "2020.06.02"]
[Round "4"]
[White "Grandmaster2B"]
[Black "WeAintSurePal"]
[Result "0-1"]
[WhiteElo "2419"]
[BlackElo "2253"]
[TimeControl "180+1"]
[EndTime "10:36:01 PDT"]
[Termination "WeAintSurePal won by checkmate"]

1. e4 c6 2. d4 d5 3. Nd2 dxe4 4. Nxe4 Nf6 5. Nxf6+ exf6 6. c3 Bd6 7. Bd3 O-O 8.
Qc2 Re8+ 9. Ne2 h5 10. O-O Nd7 11. h3 Nf8 12. Bf4 Rxe2 13. Qxe2 Bxf4 14. Qxh5 Be6 15.
Rfe1 Bc7 16. b3 Qd6 17. g3 Qd7 18. Kh2 f5 19. Rad1 f4 20. c4 g6 21. Qe2 Bxh3 22. Qe7 fxg3+ 23. fxg3 Bxg3+ 24. Kxg3 Qg4+ 25. Kf2 Qf4+ 26.
Ke2 Bg4# 0-1

[Event "*** SCC Grand Prix: Titled Tuesday Blitz"]
[Site "Chess.com"]
[Date "2020.06.02"]
[Round "4"]
[White "FMJoseHerrera"]
[Black "swimmerchess"]
[Result "1-0"]
[WhiteElo "2665"]
[BlackElo "2821"]
[TimeControl "180+1"]
[EndTime "10:36:03 PDT"]
[Termination "FMJoseHerrera won by checkmate"]

1. Nf3 Nf6 2. g3 g6 3. Bg2 Bg7 4. d3 O-O 5. Nc3 d5 6. h4 d4 7.
Nb1 c5 8. h5 Nc6 9. hxg6 hxg6 10. Bh6 Bxh6 11. Rxh6 Kg7 12. Qd2 Rh8 13. Rxh8 Qxh8 14.
Na3 Bh3 15. Bh1 Bg4 16. O-O-O Qh3 17. Ng5 Qh2 18. Bxc6 bxc6 19. f3 Bd7 20. Nc4 Qxg3 21. Rh1 Qg2 22. Ne6+ fxe6 23. Qh6+ Kf7 24. Ne5+ Ke8 25.
Qh8+ Ng8 26. Qxg8# 1-0

[Event "*** SCC Grand Prix: Titled Tuesday Blitz"]
[Site "Chess.com"]
[Date "2020.06.02"]
[Round "4"]
[White "barbara25"]
[Black "TudorAnton"]
[Result "1-0"]
[WhiteElo "2226"]
[BlackElo "2407"]
[TimeControl "180+1"]
[EndTime "10:36:04 PDT"]
[Termination "barbara25 won by resignation"]

1. e4 g6 2. d4 Bg7 3. Nc3 d6 4. h4 h5 5. Be2 c5 6. Nf3 cxd4 7.
Nxd4 Nc6 8. Be3 Bd7 9. Qd2 Rc8 10.
f3 Ne5 11. O-O-O Nc4 12. Bxc4 Rxc4 13. f4 b5 14. f5 b4 15. Nce2 Nf6 16. fxg6 fxg6 17.
Nf4 Qa5 18. Kb1 Nxe4 19. Qd3 d5 20. Nb3 Qb5 21. Nxd5 Bc6 22. Nc7+ Kf7 23. Nxb5 Bxb5 24.
Qd5+ 1-0

[Event "*** SCC Grand Prix: Titled Tuesday Blitz"]
[Site "Chess.com"]
[Date "2020.06.02"]
[Round "4"]
[White "AbdulovOrkhan"]
[Black "Kira170"]
[Result "0-1"]
[WhiteElo "2396"]
[BlackElo "2622"]
[TimeControl "180+1"]
[EndTime "10:36:05 PDT"]
[Termination "Kira170 won by resignation"]

1. e4 d6 2. d4 Nf6 3. Nc3 g6 4. f4 Bg7 5. Nf3 O-O 6. Bd3 Nc6 7. e5 dxe5 8. dxe5 Nd5 9. Nxd5 Qxd5 10. Qe2 Bf5 11. Bxf5 gxf5 12. O-O Rad8 13. Be3 h6 14. Rfd1 Qe4 15. c3 a6 16. b3 Rfe8 17. c4 f6 18. exf6 Bxf6 19. Rxd8 Rxd8 20. Rd1 Rxd1+ 0-1

[Event "*** SCC Grand Prix: Titled Tuesday Blitz"]
[Site "Chess.com"]
[Date "2020.06.02"]
[Round "4"]
[White "Arek_pacitan"]
[Black "TigrVShlyape"]
[Result "0-1"]
[WhiteElo "2545"]
[BlackElo "2881"]
[TimeControl "180+1"]
[EndTime "10:36:17 PDT"]
[Termination "TigrVShlyape won by resignation"]

1. d4 Nf6 2. Bg5 d5 3. Nd2 c5 4. e3 cxd4 5. exd4 Nc6 6. Ngf3 Bf5 7. c3 e6 8. Be2 Bd6 9. O-O h6 10. Bh4 O-O 11. Re1 a6 12. a4 Rb8 13. b4 a5 14. b5 Ne7 15. c4 dxc4 16. Nxc4 Bb4 17. Rf1 Ned5 18. Nfe5 Nc3 19. Qd2 Nfe4 0-1

[Event "*** SCC Grand Prix: Titled Tuesday Blitz"]
[Site "Chess.com"]
[Date "2020.06.02"]
[Round "4"]
[White "MilosJi"]
[Black "allvim"]
[Result "1-0"]
[WhiteElo "2515"]
[BlackElo "2321"]
[TimeControl "180+1"]
[EndTime "10:36:19 PDT"]
[Termination "MilosJi won by resignation"]

1. Nf3 Nf6 2. c4 e6 3. g3 d5 4.
Bg2 Be7 5. O-O O-O 6. Qc2 dxc4 7. Qxc4 Nbd7 8. a4 Nb6 9. Qc2 a5 10. d4 Nbd5 11. Nc3 Nb4 12. Qb3 c5 13. Rd1 Qb6 14.
Bg5 cxd4 15. Nxd4 h6 16. Bf4 Bc5 17. e3 Re8 18. Nf3 Bd7 19. Ne5 Rad8 20. Nxd7 Rxd7 21.
Be5 Nh7 22. Rxd7 1-0

[Event "*** SCC Grand Prix: Titled Tuesday Blitz"]
[Site "Chess.com"]
[Date "2020.06.02"]
[Round "4"]
[White "Majesth"]
[Black "lifeissofun"]
[Result "1-0"]
[WhiteElo "2449"]
[BlackElo "2266"]
[TimeControl "180+1"]
[EndTime "10:36:19 PDT"]
[Termination "Majesth won by resignation"]

1. d4 Nf6 2. Nc3 e6 3. Bf4 d5 4. Nb5 Na6 5. e3 c6 6. Nc3 Nc7 7. Nf3 Bd6 8. Ne5 O-O 9. Bd3 a6 10.
a4 c5 11. O-O Nd7 12. Nxf7 Rxf7 13. Bxd6 c4 14. Be2 Ne8 15. Bg3 Nef6 16. Bf3 Qe7 17.
e4 dxe4 18. Nxe4 Nd5 19. Nd6 Rf8 20. Nxc4 Qb4 21. Qe2 Rf6 22. Bd6 1-0

[Event "*** SCC Grand Prix: Titled Tuesday Blitz"]
[Site "Chess.com"]
[Date "2020.06.02"]
[Round "4"]
[White "sergeikim"]
[Black "murtas73"]
[Result "0-1"]
[WhiteElo "2476"]
[BlackElo "2671"]
[TimeControl "180+1"]
[EndTime "10:36:21 PDT"]
[Termination "murtas73 won by resignation"]

1. d4 Nf6 2. c4 e6 3. Nc3 Bb4 4. Qc2 O-O 5. a3 Bxc3+ 6. Qxc3 Qe8 7. Nf3 d6 8. g3 Nbd7 9. Bg2 a5 10.
b3 e5 11. d5 Nc5 12. O-O a4 13. Nd2 axb3 14. Nxb3 Nxb3 15. Qxb3 b6 16. Bd2 Qa4 17. Qc3 Nd7 18. Rfb1 f5 19. f4 exf4 20. Bxf4 Nc5 21.
Rb4 Qe8 22. Bf3 Bd7 23. Re1 Qe7 24. Kg2 Rae8 25. Rbb1 g5 0-1

[Event "*** SCC Grand Prix: Titled Tuesday Blitz"]
[Site "Chess.com"]
[Date "2020.06.02"]
[Round "4"]
[White "SophieNikoladze"]
[Black "Sunnika"]
[Result "0-1"]
[WhiteElo "2161"]
[BlackElo "2401"]
[TimeControl "180+1"]
[EndTime "10:36:29 PDT"]
[Termination "Sunnika won by resignation"]

1. d4 Nf6 2. Nf3 d5 3. e3 c6 4. Bd3 Bg4 5. O-O e6 6. c4 Nbd7 7. Nc3 Be7 8. h3 Bh5 9. b3 O-O 10. Bb2 a5 11. g4 Bg6 12. Ne5 Nxe5 13. dxe5 Nd7 14. f4 Bxd3 15. Qxd3 Nc5 16. Qe2 dxc4 17.
Qxc4 Qd3 18. Rfe1 Qxc4 19. bxc4 Nd3 20. Re2 Rfd8 21. Rb1 Bb4 22. Ne4 Nxb2 23. Rbxb2 Rd3 24. Kf2 Rad8 25. Rec2 b6 26. c5 b5 27. Nd6 Kf8 28. Ke2 Ra3 29. Rc1 Ke7 30. Rd1 Bxc5 31. Ne4 Rxe3+ 32. Kf1 Rxd1+ 0-1

[Event "*** SCC Grand Prix: Titled Tuesday Blitz"]
[Site "Chess.com"]
[Date "2020.06.02"]
[Round "4"]
[White "Juanovic"]
[Black "Lennis93"]
[Result "0-1"]
[WhiteElo "2111"]
[BlackElo "2358"]
[TimeControl "180+1"]
[EndTime "10:36:32 PDT"]
[Termination "Lennis93 won by resignation"]

1. e4 c6 2. d4 d5 3. Nc3 dxe4 4. Nxe4 Nf6 5. Nxf6+ exf6 6. Bf4 Bd6 7. Bxd6 Qxd6 8.
Nf3 O-O 9. Be2 Qb4+ 10. Qd2 Qxb2 11. O-O Qa3 12. c4 Rd8 13. Rfd1 Bf5 14. Nh4 Be6 15.
Rac1 Nd7 16. Rc3 Qa5 17. d5 cxd5 18. cxd5 Nc5 19. Bf3 Bxd5 20. Bxd5 Ne4 21. Bxf7+ Kxf7 0-1

[Event "*** SCC Grand Prix: Titled Tuesday Blitz"]
[Site "Chess.com"]
[Date "2020.06.02"]
[Round "4"]
[White "XxPetroffsxX"]
[Black "fridaywins"]
[Result "1-0"]
[WhiteElo "2057"]
[BlackElo "2223"]
[TimeControl "180+1"]
[EndTime "10:36:34 PDT"]
[Termination "XxPetroffsxX won by resignation"]

1. e4 e5 2. Nf3 Nc6 3. Bb5 a6 4. Ba4 Nf6 5. Bxc6 Be7 6. d3 dxc6 7. Nxe5 O-O 8. O-O c5 9. Qe2 Re8 10. Nc3 b5 11. Nc6 Qd6 12. Nxe7+ Rxe7 13. Bg5 Qe5 14. Bxf6 Qxf6 15. Nd5 Qe5 16. Nxe7+ Qxe7 17. f4 Bb7 18. Qe3 Re8 19. Rae1 Qd6 20. Rf3 f5 21. e5 Qd5 22. Rg3 Re6 23. b3 Rg6 24. Rxg6 hxg6 25. Qg3 Qe6 26. c4 b4 27. Qe3 Qc6 28. Re2 Kf7 29.
Rd2 a5 30. d4 cxd4 31. Qxd4 Kg8 32. Qd5+ Qxd5 33. cxd5 1-0